 Dungeon Crawl Stone Soup version 0.25-a0-35-g747a2b3c0c (webtiles) character file.

Game seed: 14334663005529687928, levelgen mode: deterministic

150 Mort the Insei (level 5, 0/33 HPs)
             Began as an Octopode Transmuter on Oct 18, 2019.
             Slain by a ball python (1 damage)
             ... while paralysed by Grinder
             ... on level 3 of the Dungeon.
             The game lasted 00:10:06 (3692 turns).

Mort the Insei (Octopode Transmuter)                Turns: 3692, Time: 00:10:06

Health: 0/33       AC:  1    Str:  9    XL:     5   Next: 32%
Magic:  3/8        EV: -1    Int: 17    God:
Gold:   95         SH:  0    Dex: 12    Spells: 2/8 levels left

rFire    . . .     SeeInvis .     - Unarmed
rCold    . . .     Gourm    .   (no shield)
rNeg     . . .     Faith    .   (helmet restricted)
rPois    .         Spirit   .   m - amulet of the acrobat
rElec    .         Reflect  .   (no ring)
rCorr    .         Harm     .   (no ring)
MR       .....                  (no ring)
Stlth    ++........             (no ring)
HPRegen  0.11/turn              (no ring)
MPRegen  0.11/turn              (no ring)
                                (no ring)
                                (no ring)

@: paralysed, very slightly contaminated, constricted
A: almost no armour, stealthy swim, amphibious, 8 rings, constrict 8, camouflage
1, gelatinous body 1
a: no special abilities


You were on level 3 of the Dungeon.
You were hungry.

You visited 1 branch of the dungeon, and saw 3 of its levels.

You collected 95 gold pieces.

Inventory:

Missiles
 a - 23 arrows
 d - 66 stones (quivered)
Jewellery
 j - a +5 ring of dexterity {unknown}
 m - an amulet of the acrobat (around mantle)
Scrolls
 g - a scroll of amnesia {unknown}
 k - a scroll of remove curse {unknown}
 l - a scroll of blinking {unknown}
Potions
 e - a potion of agility
 f - 2 potions of cancellation
 h - 3 potions of might
 i - a potion of haste {unknown}
Comestibles
 c - 7 rations


   Skills:
 - Level 1.0 Fighting
 - Level 2.0 Dodging
 + Level 4.9 Unarmed Combat
 - Level 2.0 Spellcasting
 + Level 3.7 Transmutations


You had 2 spell levels left.
You knew the following spells:

 Your Spells              Type           Power        Failure   Level  Hunger
a - Beastly Appendage     Tmut           ##....       4%          1    #......
b - Sticks to Snakes      Tmut           ##......     6%          2    ###....
c - Spider Form           Tmut/Pois      #.........   26%         3    ###....

Your spell library contained the following spells:

 Spells                   Type           Power        Failure   Level  Hunger
 Ice Form                 Ice/Tmut       #.......     65%         4    #####..
 Blade Hands              Tmut           ##........   75%         5    ######.


Dungeon Overview and Level Annotations

Branches:
Dungeon (3/15)

Altars:
Fedhas
Ru
Wu Jian

Annotations:
D:3 Grinder


Innate Abilities, Weirdness & Mutations

You cannot wear most types of armour.
You are very stealthy in the water. (Stealth+)
You are amphibious.
You can wear up to eight rings at the same time.
You can use your tentacles to constrict eight enemies at once.
Your skin changes colour to match your surroundings (Stealth+).
Your rubbery body absorbs attacks. (AC +1, EV +1)


Message History

Grinder hits you!
You writhe in agony.
You hit Grinder but do no damage.
Grinder is poisoned.
Grinder is moderately wounded.
Your transformation has ended.
Grinder barely misses you.
You closely miss Grinder. You grab Grinder.
Grinder is moderately wounded.
You constrict Grinder. Grinder gestures at you.
You suddenly lose the ability to move!
You lose your grip on Grinder.
Grinder gestures at you.
You barely resist. The ball python bites you. The ball python grabs you.
The ball python constricts you. Grinder hits you!
* * * LOW HITPOINT WARNING * * *
You writhe in agony.
* * * LOW HITPOINT WARNING * * *
The ball python bites you.
* * * LOW HITPOINT WARNING * * *
You die...

#.##......#
#.........# #.#
#.# # #.# ##.
#.# #...## #.#
#.....#######.#
#.........S@5.#
.........######
##..####..# #
##.#########
#.........#
#..###.....
#....###...
#......###.
##.......#


You could see Grinder and a ball python.

Vanquished Creatures
  6 gnolls (D:2)
  An adder (D:2)
  2 oozes (D:1)
  2 worms
  3 dart slugs
  A giant cockroach (D:1)
  4 goblins
  8 hobgoblins
  A jackal (D:3)
  9 kobolds
  A quokka (D:2)
  4 ball pythons (D:1)
  12 bats
  5 frilled lizards
  8 rats
67 creatures vanquished.

Notes
Turn   | Place    | Note
-------+----------+-------------------------------------------
     0 | D:1      | Mort the Octopode Transmuter began the quest for the Orb.
     0 | D:1      | Reached XP level 1. HP: 13/13 MP: 3/3
   458 | D:1      | Reached XP level 2. HP: 10/18 MP: 5/5
   469 | D:1      | Learned a level 2 spell: Sticks to Snakes
   961 | D:1      | Reached XP level 3. HP: 23/23 MP: 4/6
  1044 | D:1      | Reached skill level 4 in Unarmed Combat
  1571 | D:1      | Learned a level 3 spell: Spider Form
  1670 | D:2      | Found an ornate altar of the Wu Jian Council.
  1790 | D:2      | Reached XP level 4. HP: 25/28 MP: 7/7
  1932 | D:2      | Found a blossoming altar of Fedhas.
  2250 | D:2      | Found a sacrificial altar of Ru.
  2670 | D:2      | Reached XP level 5. HP: 26/33 MP: 1/8
  3497 | D:3      | Noticed Grinder
  3689 | D:3      | Paralysed by Grinder for 5 turns
  3692 | D:3      | HP: 1/33 [ball python (1)]
  3692 | D:3      | Slain by a ball python

Levels and vault maps discovered:
D:1:      dpeg_arrival_rhombus, layout_rooms, minmay_shallow_snake_nest
D:2:      layout_basic, fedhas_altar_3, lemuel_doored_altar, old_standard_altar,
          kennysheep_potato
D:3:      wad_pebble_path, layout_loops_corners, makhleb_heckhound_becter,
          nicolae_dithmenos_shadow_blocks, lemuel_crystal_altar, first_ration,
          minmay_unequal, uniq_grinder

Skill      XL: |  1  2  3  4 |
---------------+-------------+-----
Unarmed Combat | 4 |  4.9
Transmutations | 3 |  3.7
Fighting       | |  1.0
Dodging        | |  2.0
Spellcasting   | |  2.0

Action                   |  1- 3 |  4- 6 || total
-------------------------+-------+-------++-------
Melee: Unarmed           |    88 |    69 ||   157
       Tentacles         |    12 |     4 ||    16
       Constrict         |    20 |     7 ||    27
       Punch             |     5 |       ||     5
       Kick              |    10 |       ||    10
Throw: Stone             |    11 |       ||    11
 Cast: Beastly Appendage |    11 |       ||    11
       Spider Form       |     3 |    14 ||    17
       Sticks to Snakes  |       |     2 ||     2
  Use: Scroll            |       |     4 ||     4
 Stab: Sleeping          |     2 |       ||     2
  Eat: Chunk             |     3 |     8 ||    11
Armor: Skin              |    12 |     3 ||    15
Dodge: Dodged            |    79 |    70 ||   149

Table legend:
 A = Non-vault XP
 B = Vault XP
 C = Vault XP percentage of total XP
 D = Non-vault monster count
 E = Vault monster count
 F = Vault count percentage of total count
                 A         B        C        D         E       F
            +---------+---------+-------+---------+---------+-------
      Total |     200 |      15 |   7.0 |      59 |       8 |  11.9
            +---------+---------+-------+---------+---------+-------
        D:1 |      66 |       3 |   4.3 |      30 |       3 |   9.1
        D:2 |     127 |       3 |   2.3 |      23 |       2 |   8.0
        D:3 |       7 |       9 |  56.2 |       6 |       3 |  33.3
            +---------+---------+-------+---------+---------+-------
